 Dungeon Crawl Stone Soup version 0.30-a0-956-gcec3b41aec (webtiles) character file.

Game seed: 114398687983172297

19 hellse the Insei (level 2, 0/34 HPs)
             Began as a Gnoll Transmuter on Mar 29, 2023.
             Slain by Terence
             ... wielding a +0 mace
              (3 damage)
             ... on level 2 of the Dungeon.
             The game lasted 00:01:33 (874 turns).

hellse the Insei (Gnoll Transmuter)                  Turns: 874, Time: 00:01:33

Health: 0/34       AC: 21    Str:  9    XL:     2   Next: 75%
Magic:  7/7        EV:  2    Int: 12    God:
Gold:   66         SH:  0    Dex: 12    Spells: 7/10 levels left

rFire   + . .      SeeInvis +      - Unarmed
rCold   . . .      Faith    .    (no shield)
rNeg    . . .      Spirit   .    a - melded +0 robe
rPois   +          Reflect  .    m - melded +0 helmet
rElec   .          Rampage  .    (cloak currently unavailable)
rCorr   .          NoTele   +    (gloves currently unavailable)
Will    .....                    (boots currently unavailable)
Stlth   +                        (no amulet)
HPRegen 0.25/turn                f - ring of protection from fire
MPRegen 0.10/turn                g - ring of see invisible

@: tree-form
A: stationary, stasis, torment immunity, boosted hp, (fangs 1), strong nose,
distributed training
a: no special abilities


You were on level 2 of the Dungeon.
You were a tree.
You visited 1 branch of the dungeon, and saw 2 of its levels.

You collected 66 gold pieces.

Inventory:

Hand Weapons
 h - a +0 sling
 l - a +0 mace
Armour
 a - a +0 robe (melded)
 m - a +0 helmet (melded)
Jewellery
 f - a ring of protection from fire (left branch)
 g - a ring of see invisible (right branch)
Scrolls
 c - a scroll of immolation
 i - a scroll of enchant weapon {unknown}
 k - a scroll of noise {unknown}
Potions
 d - a potion of resistance
 j - a potion of degeneration {unknown}


   Skills:
 + Level 2.5 Fighting
 + Level 0.5 Short Blades
 + Level 0.5 Long Blades
 + Level 0.5 Axes
 + Level 0.5 Maces & Flails
 + Level 0.5 Polearms
 + Level 0.5 Staves
 + Level 0.5 Ranged Weapons
 + Level 0.5 Throwing
 + Level 0.5 Armour
 + Level 4.5 Dodging
 + Level 0.5 Stealth
 + Level 0.5 Shields
 + Level 6.5 Unarmed Combat
 + Level 4.9 Spellcasting
 + Level 0.4 Conjurations
 + Level 0.4 Hexes
 + Level 0.4 Summonings
 + Level 0.4 Necromancy
 + Level 0.4 Translocations
 + Level 3.7 Transmutations
 + Level 0.4 Fire Magic
 + Level 0.4 Ice Magic
 + Level 0.4 Air Magic
 + Level 0.4 Earth Magic
 + Level 0.4 Poison Magic
 + Level 0.7 Invocations
 + Level 0.5 Evocations


You had 7 spell levels left.
You knew the following spells:

 Your Spells              Type           Power      Damage    Failure   Level
a - Beastly Appendage     Tmut           22%        N/A       4%          1
b - Wereblood             Tmut           11%        N/A       7%          2

Your spell library contained the following spells:

 Spells                   Type           Power      Damage    Failure   Level
 Foxfire                  Conj/Fire      12%        2x1d2     17%         1
 Spider Form              Tmut/Pois      7%         N/A       26%         3
 Ice Form                 Ice/Tmut       7%         N/A       65%         4
 Fireball                 Conj/Fire      1%         3d3       99%         5
 Starburst                Conj/Fire      1%         6d3       100%        6


Dungeon Overview and Level Annotations

Branches:
Dungeon (2/15)

Altars:

Annotations:
D:2 Terence


Innate Abilities, Weirdness & Mutations

You are a tree.
Your roots penetrate the ground, keeping you stationary.
You cannot be teleported.
You are immune to unholy pain and torment.
Your maximum health is greatly increased.
Your equipment is partially melded.
((You have very sharp teeth.))
Your uncanny sense of smell can sniff out nearby items.
Your experience applies equally to all skills.


Message History

The goblin hits you with a +0 dagger.
* * * LOW HITPOINT WARNING * * *
Really quaff the potion of lignification?
You turn into a tree.
Your +0 helmet melds into your body.
Your +0 robe melds into your body.
Your roots penetrate the ground.
The goblin hits you but does no damage.
You hit the goblin but do no damage. The goblin hits you but does no damage.
You completely miss the goblin. The goblin hits you but does no damage.
You barely miss the goblin.
You smack the goblin!
You kill the goblin!
You hit Terence.
Terence is lightly wounded.
Terence hits you but does no damage.
You hit Terence.
Terence is moderately wounded.
Terence hits you with a +0 mace.
* * * LOW HITPOINT WARNING * * *
You hit Terence.
Terence is severely wounded.
Terence hits you but does no damage.
You barely miss Terence.
Terence is severely wounded.
Terence hits you but does no damage.
You hit Terence but do no damage.
Terence is severely wounded.
Terence hits you but does no damage.
You hit Terence but do no damage.
Terence is severely wounded.
A dart slug comes into view.
Terence hits you but does no damage.
You hit Terence but do no damage.
Terence is severely wounded.
Terence hits you but does no damage.
You barely miss Terence.
Terence is severely wounded.
You barely miss Terence. You punch Terence, but do no damage.
Terence is severely wounded.
Terence hits you with a +0 mace.
You die...

#.....# ####.....#
##.# #.# ........+
... .>. .......# #.#
#.# #
#......######.###..
#.#..w...............
#...g# #..........
#.##@######..........
# #♣#...##.)........
#.#.#.##.#....##..
#.#.#.##.####.#...
#.#....#.#........
#.###......##.#...
#.................
######....###..... ∆
#.....>.#.....
#.#..........#


You could see Terence, a dart slug and a goblin.

Vanquished Creatures
  A dart slug (D:2)
  3 bats (D:1)
  An endoplasm (D:1)
  2 giant cockroaches
  A goblin (D:2)
  3 hobgoblins (D:1)
  A kobold (D:1)
  2 ball pythons
14 creatures vanquished.

Notes
Turn   | Place    | Note
-------+----------+-------------------------------------------
     0 | D:1      | hellse the Gnoll Transmuter began the quest for the Orb.
     0 | D:1      | Reached XP level 1. HP: 17/17 MP: 6/6
   322 | D:1      | Found a faded altar of an unknown god.
   335 | D:1      | Reached XP level 2. HP: 21/23 MP: 7/7
   811 | D:2      | Learned a level 2 spell: Wereblood
   854 | D:2      | Noticed Terence
   874 | D:2      | Slain by Terence

Illustrated notes

Levels and vault maps discovered:
D:1:      sevenhm_arrival_forest_fort_small_4, layout_loops_ring,
          ebering_ecumenical_altar_mist, chequers_serial_rivers_marsh,
          minmay_misc_feat_tower
D:2:      layout_basic, chequers_serial_rivers_micro_b,
          kennysheep_jessica_study, uniq_terence

Action                     || total
---------------------------++-------
  Melee: Unarmed           ||    40
         Headbutt          ||     2
         Mace              ||     1
         Bite              ||     1
         Punch             ||     1
   Fire: Sling             ||    12
   Cast: Beastly Appendage ||     3
    Use: Scroll            ||     2
         Potion            ||     1
   Stab: Sleeping          ||     1
 Armour: Robe              ||     6
         Skin              ||     9
  Dodge: Dodged            ||    26

Table legend: (Time is in decaauts)
 A = Elapsed time spent in this place.
 B = Non-inter-level travel time spent in this place.
 C = Inter-level travel time spent in this place.
 D = Time resting spent in this place.
 E = Time spent auto-exploring this place.
 F = Levels seen in this place.
 G = Mean time per level.
                   A        B        C        D        E       F      G
               +--------+--------+--------+--------+--------+-----+--------+
         Total |    872 |    813 |     59 |     33 |    628 |   2 |  436.0 |
       Dungeon |    872 |    813 |     59 |     33 |    628 |   2 |  436.0 |
               +--------+--------+--------+--------+--------+-----+--------+

Top non-repeatable levels by time:
     D:1: 778 daAuts
     D:2: 94 daAuts
